 Dungeon Crawl Stone Soup version 0.29.1 (webtiles) character file.

Game seed: 16185420194559311176

78 masschaos23 the Sneak (level 4, -2/30 HPs)
             Began as an Octopode Brigand on Sept 13, 2022.
             Slain by an orc
             ... wielding a +0 club
              (4 damage)
             ... on level 3 of the Dungeon.
             The game lasted 00:05:11 (2096 turns).

masschaos23 the Sneak (Octopode Brigand)            Turns: 2096, Time: 00:05:11

Health: -2/30      AC:  1    Str: 10    XL:     4   Next: 36%
Magic:  4/4        EV: 12    Int: 13    God:
Gold:   107        SH:  0    Dex: 15    Spells: 3/3 levels left

rFire   . . .      SeeInvis .   a - +2 dagger
rCold   . . .      Faith    .   (no shield)
rNeg    . . .      Spirit   .   (helmet restricted)
rPois   .          Reflect  .   (no amulet)
rElec   .          Harm     .   (no ring)
rCorr   .          Rampage  .   (no ring)
Will    .....                   (no ring)
Stlth   ++++......              (no ring)
HPRegen 0.10/turn               (no ring)
MPRegen 0.09/turn               (no ring)
                                (no ring)
                                (no ring)

@: no status effects
A: almost no armour, amphibious, 8 rings, camouflage 1, gelatinous body 1,
(nimble swimmer 1), tentacles
a: no special abilities


You were on level 3 of the Dungeon.
You visited 1 branch of the dungeon, and saw 3 of its levels.

You collected 107 gold pieces.

Inventory:

Hand Weapons
 a - a +2 dagger (weapon)
 d - a +0 hand crossbow
Missiles
 b - 9 poisoned darts
 c - 3 curare-tipped darts (quivered)
 m - 5 atropa-tipped darts
Armour
 f - a +0 pair of gloves
 o - a +0 pair of boots
 p - a +0 plate armour
Magical Staves
 n - a staff of earth
Jewellery
 i - an amulet of magic regeneration
 l - a ring of wizardry
Scrolls
 e - a scroll of blinking {unknown}
 g - 6 scrolls of identify {unknown}
Potions
 h - 2 potions of curing {unknown}
 j - a potion of mutation {unknown}
 k - a potion of flight {unknown}


   Skills:
 + Level 2.4 Fighting
 + Level 2.0 Short Blades
 + Level 2.5 Ranged Weapons
 + Level 2.0 Throwing
 + Level 1.0 Dodging
 + Level 6.3 Stealth


You had 3 spell levels left.
You didn't know any spells.
Your spell library contained the following spells:

 Spells                   Type           Power      Damage    Failure   Level
 Apportation              Tloc           0%         N/A       30%         1
 Necrotise                Necr           0%         1d4       30%         1
 Sandblast                Erth           0%         2d4       30%         1
 Summon Small Mammal      Summ           0%         N/A       30%         1
 Passwall                 Tmut/Erth      0%         N/A       43%         2
 Frozen Ramparts          Ice            0%         1d1       67%         3
 Stone Arrow              Conj/Erth      0%         3d7       67%         3
 Ice Form                 Ice/Tmut       0%         N/A       97%         4
 Summon Ice Beast         Ice/Summ       0%         N/A       97%         4


Dungeon Overview and Level Annotations

Branches:
Dungeon (3/15)

Altars:


Innate Abilities, Weirdness & Mutations

You cannot wear most types of armour.
You are amphibious.
You can wear up to eight rings at the same time.
Your skin changes colour to match your surroundings (Stealth+).
Your rubbery body absorbs attacks. (AC +1, EV +1)
((You are camouflaged when in or above water. (Stealth+)))
You have tentacles for arms and can constrict up to eight enemies at once.


Message History

You hit the orc. You grab the orc.
The orc is heavily wounded.
You constrict the orc, but do no damage.
The orc struggles to escape constriction.
You hit the orc.
You kill the orc!
You barely miss the goblin. You grab the goblin. You constrict the goblin.
You hit the goblin.
The goblin is heavily wounded.
You constrict the goblin. The goblin barely misses you.
You hit the goblin.
You kill the goblin!
The orc wizard gestures wildly while chanting.
The orc wizard flickers and vanishes!
Deactivating autopickup; reactivate with Ctrl-A.
You barely miss the orc. Your grab misses the orc. Your squeeze misses the orc.
You barely miss the orc. Your grab misses the orc. Your squeeze misses the orc.
The orc hits you with a +0 short sword.
An orc priest comes into view. It is wielding a +0 hand axe.
The orc priest shouts!
You hit the orc but do no damage. Your grab misses the orc.
An adder comes into view.
The orc barely misses you. The orc closely misses you.
You barely miss the orc.
The adder hisses angrily.
Your grab misses the orc. Your squeeze misses the orc.
The orc hits you with a +0 club. The orc closely misses you.
You hit the orc but do no damage. You grab the orc. You constrict the orc.
The orc hits you with a +0 short sword. The orc hits you with a +0 club.
The orc priest mumbles some strange prayers to Beogh against you.
Beogh smites you!
* * * LOW HITPOINT WARNING * * *
You closely miss the orc. Your grab misses the orc.
You constrict the orc, but do no damage.
The orc barely misses you. The orc closely misses you.
You hit the orc but do no damage. You grab the orc. You squeeze the orc.
The orc is heavily wounded.
You constrict the orc, but do no damage.
You constrict the orc. The orc hits you with a +0 club.
You die...

... ###
... ....
#.# ...##
#.###.....
#?......o.
#o$.......
#{S..o....
#o###.....
#@o# g.#
#..# #
#..# .###
. #. .. ##


You could see an orc priest, an adder and 2 orcs.

Vanquished Creatures
  3 adders
  A dart slug (D:2)
  2 orcs (D:3)
  4 ball pythons
  6 bats
  3 endoplasms (D:2)
  8 goblins
  5 hobgoblins
  2 jackals (D:1)
  3 kobolds
  2 quokkas
  A frilled lizard (D:1)
  4 rats
44 creatures vanquished.

Notes
Turn   | Place    | Note
-------+----------+-------------------------------------------
     0 | D:1      | masschaos23 the Octopode Brigand began the quest for the
                  | Orb.
     0 | D:1      | Reached XP level 1. HP: 14/14 MP: 1/1
   191 | D:1      | Reached XP level 2. HP: 17/19 MP: 2/2
   345 | D:1      | Reached skill level 6 in Stealth
   405 | D:1      | Reached skill level 1 in Ranged Weapons
   858 | D:1      | Found a faded altar of an unknown god.
   918 | D:2      | Reached XP level 3. HP: 24/24 MP: 3/3
  1565 | D:2      | Reached XP level 4. HP: 28/30 MP: 4/4
  2096 | D:3      | Slain by an orc

Illustrated notes

Levels and vault maps discovered:
D:1:      elethiomel_arrival_infinity_welcomes_careful_drivers, layout_basic,
          shapermc_ecumenical_altar_flowoftime
D:2:      layout_loops_ring, grunt_ministairs_10
D:3:      layout_loops_ring, serial_rivers, chequers_serial_rivers_micro_c,
          chequers_serial_rivers_micro_d, chequers_serial_rivers_large_a,
          chequers_serial_rivers_micro_d, nicolae_eternal_life

Skill      XL: |  1  2  3 |
---------------+----------+-----
Stealth        | 6 |  6.3
Ranged Weapons | 1 2 |  2.5
Fighting       | |  2.4
Short Blades   | |  2.0
Throwing       | |  2.0
Dodging        | |  1.0

Action                   |  1- 3 |  4- 6 || total
-------------------------+-------+-------++-------
Melee: Dagger            |    17 |    22 ||    39
       Constrict         |     3 |     6 ||     9
       Tentacles         |     4 |     3 ||     7
 Fire: Hand crossbow     |    51 |     6 ||    57
Armor: Skin              |     2 |     1 ||     3
Dodge: Dodged            |    27 |    11 ||    38
